[Event "Czech Open Rapid G1 2024"]
[Site "Pardubice"]
[Date "2024.07.18"]
[Round "5.18"]
[White "Shilon Rahav, Eliran"]
[Black "Mica, Marek"]
[Result "1-0"]
[Annotator "TA"]
[ECO "B23"]
[WhiteElo "2055"]
[BlackElo "2375"]
[PlyCount "59"]
[EventDate "2024.07.16"]
[EventType "swiss"]
[EventCountry "CZE"]
[SourceTitle "playchess.com"]
[Source "ChessBase"]
[SourceQuality "1"]
[TimeControl "1200+10"]

1. e4 c5 2. Nc3 Nc6 3. Bb5 g6 4. Bxc6 dxc6 5. d3 Bg7 6. Be3 b6 7. Qd2 h6 8. f4 Nf6 9. Nf3 {[%emt 0:00:05] Wards off e5} a5 {[%emt 0:00:14] White is slightly better.} 10. O-O-O Ba6 11. Rhe1 Qc7 12. d4 ({Better is} 12. Kb1 $16) 12... cxd4 (12... O-O-O $1 $11 {keeps the balance.}) 13. Bxd4 (13. Qxd4 $16 b5 14. e5) 13... O-O {[%emt 0:00:38] [#] This costs Black the game.} (13... O-O-O $1 $14) 14. e5 $1 $18 Nd5 {[%emt 0:00:30] [#]} (14... Ng4 $16) 15. Nxd5 $1 cxd5 16. e6 f5 17. Ne5 Bxe5 18. Bxe5 Qc6 {[%emt 0:00:00] Black is weak on the dark squares} 19. Bc3 {[%emt 0:02:14][%cal Od2d4] Strongly threatening Qd4! White is more active.} Qc4 20. Qe3 {[%emt 0:02:09] Hoping for Qe5.} (20. Qxd5 Qxd5 21. Rxd5 Rfc8 $16) 20... Kh7 $2 (20... Qc5 21. Qxc5 bxc5 22. Rxd5 a4) 21. Qe5 ({Weaker is} 21. Qxb6 Qxf4+ 22. Kb1 Rfc8 $18 (22... Qxh2 $2 {too greedy.} 23. Rxd5 Qh4 24. g3 $18)) 21... Rg8 {[%emt 0:00:10] Prevents Qg7+.} 22. Rxd5 {[%emt 0:00:43] Rd7 is the strong threat.} Rae8 23. b3 Qc6 24. Rd7 h5 25. Qf6 Qc5 26. Qf7+ {[%emt 0:00:31] White mates.} Kh6 {[%emt 0:00:01][%cal Bh7h6,Bh6h5,Bh5g4][%mdl 32] [#]} 27. Bf6 $1 h4 (27... Qxc2+ 28. Kxc2) 28. Bg5+ Kh5 29. Qh7+ Kg4 30. Qxh4# {[%emt 0:00:01] Weighted Error Value: White=0.11 (very precise) /Black=0.95.  Mistake:       	White=2     	Black=4      Inaccurate:     	---       	Black=1      OK:         	White=6     	Black=3      Best:        	White=1     	---        Strong:       	White=1     	---} 1-0

[Event "Czech Open Rapid G1 2024"]
[Site "Pardubice"]
[Date "2024.07.18"]
[Round "5.19"]
[White "Krak, Tomas"]
[Black "Fishchuk, Vladyslav"]
[Result "0-1"]
[Annotator "RC"]
[ECO "A22"]
[WhiteElo "2229"]
[BlackElo "2234"]
[PlyCount "74"]
[EventDate "2024.07.16"]
[EventType "swiss"]
[EventCountry "CZE"]
[SourceTitle "playchess.com"]
[Source "ChessBase"]
[SourceQuality "1"]
[TimeControl "1200+10"]

1. c4 e5 2. Nc3 Nf6 3. Nf3 e4 4. Ng5 c6 5. d4 d5 6. e3 Bd6 7. Bd2 O-O 8. Nh3 Na6 9. cxd5 cxd5 10. Nf4 Nc7 11. Qb3 b5 12. Be2 a6 13. h3 g5 14. Nh5 Nxh5 15. Bxh5 Be6 16. Be2 Qd7 17. h4 h6 18. hxg5 hxg5 19. O-O-O Kg7 20. Rh5 f6 21. Rdh1 Rh8 22. Rxh8 Rxh8 23. Rxh8 Kxh8 24. f3 f5 25. Qd1 Qh7 26. Qg1 Bg3 27. Be1 Qh4 28. Bxg3 Qxg3 29. Nd1 Kg7 30. Qf2 Qd6 31. f4 g4 32. Qe1 b4 33. Nf2 Qe7 34. Qh1 a5 35. Qh5 Qf6 36. Nh1 Bf7 37. Ng3 Qc6+ 0-1

[Event "Czech Open Rapid G1 2024"]
[Site "Pardubice"]
[Date "2024.07.18"]
[Round "5.20"]
[White "Freisler, Pavel"]
[Black "Dorokhina, Elizaveta"]
[Result "1/2-1/2"]
[Annotator "RC"]
[ECO "D15"]
[WhiteElo "2261"]
[BlackElo "1962"]
[PlyCount "174"]
[EventDate "2024.07.16"]
[EventType "swiss"]
[EventCountry "CZE"]
[SourceTitle "playchess.com"]
[Source "ChessBase"]
[SourceQuality "1"]
[TimeControl "1200+10"]

1. Nf3 d5 2. d4 Bf5 3. c4 e6 4. Nc3 Nf6 5. Bg5 c6 6. e3 Nbd7 7. Bd3 dxc4 8. Bxc4 Qa5 9. O-O Ne4 10. Nxe4 Bxe4 11. Bf4 Be7 12. Nd2 Bg6 13. e4 O-O 14. Qe2 e5 15. dxe5 Nxe5 16. Bb3 Kh8 17. Be3 f6 18. f4 Nd7 19. Rad1 Nc5 20. Bc4 b5 21. f5 Be8 22. Nb3 Nxb3 23. Bxb3 c5 24. Bd5 Rd8 25. a3 c4 26. Rf4 Qc7 27. Rh4 g5 28. fxg6 Bxg6 29. Qg4 Bc5 30. Bxc5 Qxc5+ 31. Kh1 Kg7 32. Qf4 Rg8 33. Rf1 Qd6 34. Qh6+ Kh8 35. Bxg8 Rxg8 36. Qf4 Qxf4 37. Rhxf4 Re8 38. Rxf6 Rxe4 39. Rf8+ Kg7 40. Rb8 Re5 41. Rb7+ Kh6 42. Rxa7 Bd3 43. Kg1 Bxf1 44. Kxf1 Re3 45. Ra6+ Kg7 46. a4 bxa4 47. Rxa4 Rb3 48. Rxc4 Rxb2 49. Rc6 Rd2 50. h3 Ra2 51. Kg1 Ra3 52. Kh2 h5 53. Rb6 Kh7 54. Rf6 Kg7 55. Rf3 Ra4 56. Kg3 Kg6 57. Rf4 Ra3+ 58. Kh4 Ra2 59. g3 Ra5 60. Re4 Ra6 61. Rb4 Rc6 62. Ra4 Rb6 63. Ra8 Rb4+ 64. g4 hxg4 65. hxg4 Rb1 66. Ra6+ Kg7 67. Kh5 Rb5+ 68. g5 Rb1 69. Ra7+ Kg8 70. Kh6 Rb6+ 71. g6 Rb8 72. Rc7 Ra8 73. Rc6 Rb8 74. Rc7 Ra8 75. Rg7+ Kh8 76. Rf7 Kg8 77. Rf6 Ra1 78. Rf5 Ra8 79. Rc5 Rb8 80. Rc6 Ra8 81. g7 Rb8 82. Kg6 Rb6 83. Rf6 Rb8 84. Re6 Rb6 85. Rf6 Rb8 86. Rf8+ Rxf8 87. gxf8=Q+ Kxf8 1/2-1/2

[Event "Czech Open Rapid G1 2024"]
[Site "Pardubice"]
[Date "2024.07.18"]
[Round "5.21"]
[White "Dolensky, Filip"]
[Black "Brendel, Oliver"]
[Result "0-1"]
[Annotator "RC"]
[ECO "B27"]
[WhiteElo "2085"]
[BlackElo "2291"]
[PlyCount "154"]
[EventDate "2024.07.16"]
[EventType "swiss"]
[EventCountry "CZE"]
[SourceTitle "playchess.com"]
[Source "ChessBase"]
[SourceQuality "1"]
[TimeControl "1200+10"]

1. e4 c5 2. c3 g6 3. d4 cxd4 4. cxd4 d5 5. e5 Nc6 6. Bb5 Bg7 7. Nf3 Bg4 8. Nc3 Nh6 9. Bxc6+ bxc6 10. h3 Bxf3 11. Qxf3 Nf5 12. Qd3 Qb6 13. Be3 Qxb2 14. O-O Nxe3 15. Qxe3 Qa3 16. Rab1 Qa5 17. Rb7 e6 18. h4 O-O 19. Rfb1 Rac8 20. Rd7 c5 21. Ne2 cxd4 22. Nxd4 Rc7 23. Nb3 Qc3 24. Rxc7 Qxc7 25. f4 Qb6 26. Qxb6 axb6 27. Rc1 Ra8 28. Rc2 Bf8 29. Kf2 Ra4 30. g3 h6 31. Kf3 Kg7 32. g4 h5 33. g5 Rc4 34. Rxc4 dxc4 35. Nd2 b5 36. Ne4 b4 37. Ke3 b3 38. axb3 cxb3 39. Kd3 Bb4 40. Nf2 Kf8 41. Nh3 Be1 42. Ng1 Bxh4 43. Kc3 Bg3 44. Nh3 Ke7 45. Kxb3 Kd7 46. Kc4 Kc6 47. Kd4 Kb5 48. Ke3 Kc4 49. Kf3 Bh4 50. Ke4 Be1 51. Ng1 Bf2 52. Ne2 Bb6 53. Kf3 Kd3 54. Ng3 h4 55. Ne4 h3 56. Nd6 h2 57. Kg2 Ke3 58. Kxh2 Kxf4 59. Nxf7 Bd4 60. Kg2 Bxe5 61. Kf2 Bc7 62. Ke2 e5 63. Kf2 e4 64. Ke2 Kf5 65. Nh8 Kxg5 66. Ke3 Kf5 67. Nf7 Bb6+ 68. Ke2 g5 69. Nd6+ Kf4 70. Nc4 Bd4 71. Nd2 g4 72. Nb3 Bb6 73. Nc1 Be3 74. Na2 g3 75. Nc3 g2 76. Nd5+ Kg5 77. Nc3 g1=Q 0-1

[Event "Czech Open Rapid G1 2024"]
[Site "Pardubice"]
[Date "2024.07.18"]
[Round "5.22"]
[White "Alexikov, Alexander"]
[Black "Karvatskyi, Oleksii"]
[Result "0-1"]
[Annotator "RC"]
[ECO "B32"]
[WhiteElo "2183"]
[BlackElo "1990"]
[PlyCount "50"]
[EventDate "2024.07.16"]
[EventType "swiss"]
[EventCountry "CZE"]
[SourceTitle "playchess.com"]
[Source "ChessBase"]
[SourceQuality "1"]
[TimeControl "1200+10"]

1. e4 c5 2. Nf3 Nc6 3. d4 cxd4 4. Nxd4 e5 5. Nb5 d6 6. c4 Be7 7. N1c3 a6 8. Na3 f5 9. Nc2 f4 10. Nd5 Nf6 11. Nxf6+ Bxf6 12. Be2 O-O 13. Bg4 Bxg4 14. Qxg4 b5 15. Qe2 Rc8 16. cxb5 Qa5+ 17. Bd2 Qxb5 18. Bc3 Rfd8 19. Qxb5 axb5 20. Rd1 d5 21. exd5 Nd4 22. Nb4 Rc4 23. a3 Be7 24. Nc6 Nxc6 25. dxc6 Re4+ 0-1

[Event "Czech Open Rapid G1 2024"]
[Site "Pardubice"]
[Date "2024.07.18"]
[Round "5.23"]
[White "Dehmel, Jens"]
[Black "Ocelak, Jakub"]
[Result "0-1"]
[Annotator "RC"]
[ECO "E91"]
[WhiteElo "1980"]
[BlackElo "2206"]
[PlyCount "72"]
[EventDate "2024.07.16"]
[EventType "swiss"]
[EventCountry "CZE"]
[SourceTitle "playchess.com"]
[Source "ChessBase"]
[SourceQuality "1"]
[TimeControl "1200+10"]

1. d4 Nf6 2. c4 g6 3. Nc3 Bg7 4. e4 O-O 5. Nf3 d6 6. Be2 Bg4 7. Be3 Nc6 8. d5 Nb8 9. O-O c6 10. Rc1 Nfd7 11. Qb3 Qc7 12. h3 Bxf3 13. Bxf3 Na6 14. Qa3 c5 15. g3 Qc8 16. Qa4 Ne5 17. Bg2 Nd3 18. Rc2 Nxb2 19. Qb3 Nd3 20. f4 Ndb4 21. Re2 Nc7 22. e5 b6 23. Ne4 dxe5 24. d6 exd6 25. Nxd6 Qe6 26. Bxa8 Rxa8 27. Rd2 Qxh3 28. Kf2 exf4 29. Bxf4 Rd8 30. Qf3 Bd4+ 31. Ke1 Qd7 32. Rxd4 Nc2+ 33. Kd1 Nxd4 34. Qe4 Qg4+ 35. Kc1 Rxd6 36. Qb7 Qe2 0-1

[Event "Czech Open Rapid G1 2024"]
[Site "Pardubice"]
[Date "2024.07.18"]
[Round "5.24"]
[White "Dostal, Radim"]
[Black "Vrana, Frantisek"]
[Result "0-1"]
[Annotator "RC"]
[ECO "B01"]
[WhiteElo "1961"]
[BlackElo "2147"]
[PlyCount "70"]
[EventDate "2024.07.16"]
[EventType "swiss"]
[EventCountry "CZE"]
[SourceTitle "playchess.com"]
[Source "ChessBase"]
[SourceQuality "1"]
[TimeControl "1200+10"]

1. e4 d5 2. exd5 Qxd5 3. Nc3 Qa5 4. d4 Bf5 5. Nf3 e6 6. Bd2 c6 7. g3 Nd7 8. Bg2 Ngf6 9. O-O Bb4 10. a3 Bxc3 11. Bxc3 Qc7 12. Bd2 O-O 13. Bf4 Qb6 14. b3 Rfd8 15. b4 a5 16. Bd2 axb4 17. axb4 Qb5 18. c3 Ne4 19. Re1 Nb6 20. Rxa8 Rxa8 21. Ne5 Nd6 22. g4 Bg6 23. h4 Qa4 24. Qf3 Nbc4 25. Bf4 Nxe5 26. Bxe5 Nc4 27. h5 Bc2 28. g5 Bf5 29. Bh3 Bxh3 30. Qxh3 Qc2 31. Qf3 Qd2 32. Re4 Qc1+ 33. Kg2 Ra1 34. Rg4 Nd2 35. Qf4 Qh1+ 0-1

[Event "Czech Open Rapid G1 2024"]
[Site "Pardubice"]
[Date "2024.07.18"]
[Round "5.25"]
[White "Tyshniuk, Roman"]
[Black "Kopriva, Martin"]
[Result "1/2-1/2"]
[Annotator "RC"]
[ECO "A75"]
[WhiteElo "1903"]
[BlackElo "2159"]
[PlyCount "167"]
[EventDate "2024.07.16"]
[EventType "swiss"]
[EventCountry "CZE"]
[SourceTitle "playchess.com"]
[Source "ChessBase"]
[SourceQuality "1"]
[TimeControl "1200+10"]

1. d4 Nf6 2. c4 g6 3. Nc3 Bg7 4. e4 d6 5. Nf3 O-O 6. Be2 c5 7. d5 e6 8. O-O exd5 9. cxd5 a6 10. a4 Bg4 11. Nd2 Bxe2 12. Qxe2 Nbd7 13. Nc4 Nb6 14. Ne3 Re8 15. a5 Nbd7 16. Nc4 Ne5 17. Nb6 Rb8 18. f4 Ned7 19. Nc4 Qe7 20. Qf3 Nxe4 21. Nxe4 Qxe4 22. Nxd6 Bd4+ 23. Kh1 Qxf3 24. gxf3 Re2 25. Ra3 Nf6 26. Rb3 Rd8 27. Ne4 Rxd5 28. f5 Nxe4 29. fxe4 Rxe4 30. fxg6 hxg6 31. Rxb7 Rf5 32. Rxf5 gxf5 33. Kg2 Re2+ 34. Kf3 Rxh2 35. Rb6 Rc2 36. Be3 Kg7 37. Rxa6 Rxb2 38. Bxd4+ cxd4 39. Rd6 Ra2 40. a6 f6 41. Rd7+ Kg6 42. a7 d3 43. Kf4 d2 44. Rxd2 Ra4+ 45. Kf3 Rxa7 46. Rg2+ Kf7 47. Kf4 Ra5 48. Re2 Rb5 49. Re1 Rc5 50. Re2 Rb5 51. Re1 Ra5 52. Re2 Ra1 53. Kxf5 Rf1+ 54. Kg4 Kg6 55. Re8 Ra1 56. Kf4 Ra4+ 57. Kf3 Kg5 58. Re3 f5 59. Rb3 Rh4 60. Kf2 Kg4 61. Ra3 Rh2+ 62. Kg1 Re2 63. Kf1 Re4 64. Kf2 Rb4 65. Rc3 Rb2+ 66. Kf1 Kf4 67. Ra3 Rb4 68. Kf2 Rc4 69. Rb3 Kg4 70. Ra3 f4 71. Rb3 Rc2+ 72. Kf1 Ra2 73. Rc3 Rh2 74. Rb3 Rh1+ 75. Kf2 Rh8 76. Ra3 Rg8 77. Rb3 Ra8 78. Rc3 Ra4 79. Rb3 Ra2+ 80. Kf1 Ra4 81. Kf2 f3 82. Rb8 Ra2+ 83. Kf1 Ra4 84. Rg8+ 1/2-1/2

[Event "Czech Open Rapid G1 2024"]
[Site "Pardubice"]
[Date "2024.07.18"]
[Round "5.26"]
[White "Dovzhenko, Viktor"]
[Black "Karpinets, Andrian"]
[Result "0-1"]
[Annotator "RC"]
[ECO "A13"]
[WhiteElo "2044"]
[BlackElo "1759"]
[PlyCount "86"]
[EventDate "2024.07.16"]
[EventType "swiss"]
[EventCountry "CZE"]
[SourceTitle "playchess.com"]
[Source "ChessBase"]
[SourceQuality "1"]
[TimeControl "1200+10"]

1. g3 d5 2. c4 e6 3. Bg2 Nf6 4. Nf3 Be7 5. d3 O-O 6. Nbd2 c5 7. O-O Nc6 8. a3 a5 9. h3 a4 10. b4 axb3 11. Qxb3 Qc7 12. e3 Bd7 13. Rb1 Rfb8 14. Bb2 Na5 15. Qa2 b5 16. Be5 Bd6 17. Bxf6 gxf6 18. cxd5 c4 19. Ne4 exd5 20. Nxf6+ Kg7 21. Nxd5 Qc5 22. Qb2+ c3 23. Nxc3 Qxa3 24. Qd2 Bb4 25. Rxb4 Qxb4 26. Rb1 Qa3 27. Nd4 Ra6 28. Nd5 Nc6 29. e4 Nxd4 30. Qg5+ Rg6 31. Qe5+ f6 32. Qxb8 Be6 33. Nc7 Bf7 34. Ne8+ Bxe8 35. Qxe8 Qxd3 36. Ra1 Ne2+ 37. Kh2 Kh6 38. Qf8+ Kh5 39. Ra7 h6 40. Qc5+ Rg5 41. Qe7 Nxg3 42. Ra3 Nf1+ 43. Kg1 Qd1 0-1

[Event "Czech Open Rapid G1 2024"]
[Site "Pardubice"]
[Date "2024.07.18"]
[Round "5.27"]
[White "Stocek, Martin"]
[Black "Chaika, Vitalii"]
[Result "1-0"]
[Annotator "RC"]
[ECO "B07"]
[WhiteElo "2110"]
[BlackElo "2111"]
[PlyCount "153"]
[EventDate "2024.07.16"]
[EventType "swiss"]
[EventCountry "CZE"]
[SourceTitle "playchess.com"]
[Source "ChessBase"]
[SourceQuality "1"]
[TimeControl "1200+10"]

1. d4 d6 2. e4 c6 3. Be3 Nf6 4. Nc3 Qa5 5. Bd3 e5 6. f4 Ng4 7. Qd2 Nxe3 8. Qxe3 Nd7 9. Nf3 Be7 10. O-O O-O 11. Kh1 Qb6 12. Rab1 Bf6 13. Ne2 Re8 14. c3 Nf8 15. Nd2 Bg4 16. Nc4 Qc7 17. Ng3 exd4 18. cxd4 b5 19. Nd2 Qb6 20. f5 Qxd4 21. Qxd4 Bxd4 22. h3 Be5 23. hxg4 Bxg3 24. Rbc1 Rac8 25. b4 h6 26. Nb3 Nd7 27. Na5 Ne5 28. Be2 Kf8 29. Rc3 Bh4 30. Rfc1 Bg5 31. R1c2 Bf6 32. Bxb5 Nxg4 33. Rxc6 Rxc6 34. Bxc6 Rb8 35. b5 Bd4 36. g3 Be5 37. a4 h5 38. Bd5 Bxg3 39. Nc6 Rc8 40. Rc4 h4 41. e5 Ne3 42. Rd4 dxe5 43. Rd3 Bf4 44. Bf3 f6 45. Rd7 h3 46. Rxa7 Nf1 47. Kg1 Ng3 48. Bg4 h2+ 49. Kxh2 e4 50. Kg2 Re8 51. b6 e3 52. b7 e2 53. Bxe2 Rxe2+ 54. Kf3 Bd6 55. b8=Q+ Bxb8 56. Nxb8 Rb2 57. Nd7+ Ke7 58. Kxg3 Kd6 59. a5 Rb5 60. Kg4 g6 61. fxg6 Rg5+ 62. Kf4 Rxg6 63. Kf5 Rg5+ 64. Kxf6 Rb5 65. Nb6 Kc6 66. Ke6 Rb1 67. Nd7 Re1+ 68. Ne5+ Kb5 69. Kd6 Ra1 70. Nc6 Rd1+ 71. Kc7 Rh1 72. Rb7+ Kc5 73. Nb8 Ra1 74. a6 Kd5 75. a7 Kc5 76. Nd7+ Kd4 77. Nb6 1-0

[Event "Czech Open Rapid G1 2024"]
[Site "Pardubice"]
[Date "2024.07.18"]
[Round "5.28"]
[White "Dolensky, Milan"]
[Black "Filindash, Nikita"]
[Result "0-1"]
[Annotator "RC"]
[ECO "B23"]
[WhiteElo "1983"]
[BlackElo "2007"]
[PlyCount "118"]
[EventDate "2024.07.16"]
[EventType "swiss"]
[EventCountry "CZE"]
[SourceTitle "playchess.com"]
[Source "ChessBase"]
[SourceQuality "1"]
[TimeControl "1200+10"]

1. e4 c5 2. Nc3 d6 3. Bb5+ Bd7 4. a4 Nf6 5. f4 Nc6 6. Nf3 e6 7. d3 Be7 8. O-O Qc7 9. Bxc6 Bxc6 10. Qe1 O-O 11. b3 b6 12. Bb2 a6 13. e5 Nd5 14. Qg3 Nxc3 15. Bxc3 d5 16. Bd2 b5 17. a5 Rfd8 18. f5 exf5 19. Bh6 g6 20. Ng5 Qd7 21. Rae1 Bf8 22. Qh4 Be7 23. Qg3 Bf8 24. Bxf8 Rxf8 25. e6 fxe6 26. Nxe6 Rfe8 27. Nxc5 Qa7 28. d4 Qg7 29. Ne6 Qf6 30. Qd6 Rac8 31. b4 Re7 32. Re2 Bd7 33. Rfe1 Rce8 34. Re5 Bxe6 35. Qxa6 Kg7 36. Qxb5 Bf7 37. Qe2 Rxe5 38. dxe5 Qc6 39. h3 d4 40. Qd3 Qd5 41. b5 Rb8 42. Rb1 Qxe5 43. a6 Qc5 44. a7 Qxa7 45. b6 Qd7 46. c3 Qd5 47. cxd4 Qd6 48. Qa6 Qxd4+ 49. Kh1 Bd5 50. Qa7+ Rb7 51. Qa5 Bxg2+ 52. Kxg2 Qe4+ 53. Kf2 Qc2+ 54. Kg3 f4+ 55. Kf3 Qd3+ 56. Kf2 Qxb1 57. Qe5+ Kh6 58. Qxf4+ g5 59. Qd6+ Qg6 0-1

[Event "Czech Open Rapid G1 2024"]
[Site "Pardubice"]
[Date "2024.07.18"]
[Round "5.29"]
[White "Garsky, Vladyslav"]
[Black "Tesar, Jan"]
[Result "1-0"]
[Annotator "RC"]
[ECO "B22"]
[WhiteElo "2137"]
[BlackElo "1929"]
[PlyCount "29"]
[EventDate "2024.07.16"]
[EventType "swiss"]
[EventCountry "CZE"]
[SourceTitle "playchess.com"]
[Source "ChessBase"]
[SourceQuality "1"]
[TimeControl "1200+10"]

1. e4 c5 2. Nf3 e6 3. c3 d6 4. d4 cxd4 5. cxd4 Nf6 6. Nc3 Be7 7. Bd3 O-O 8. O-O a6 9. Re1 b5 10. e5 dxe5 11. dxe5 Nd5 12. Nxd5 exd5 13. Nd4 Bd7 14. e6 fxe6 15. Qh5 1-0

[Event "Czech Open Rapid G1 2024"]
[Site "Pardubice"]
[Date "2024.07.18"]
[Round "5.30"]
[White "Migalko, Dmitriy"]
[Black "Novotny, Dominik"]
[Result "0-1"]
[Annotator "RC"]
[ECO "B12"]
[WhiteElo "1856"]
[BlackElo "1921"]
[PlyCount "42"]
[EventDate "2024.07.16"]
[EventType "swiss"]
[EventCountry "CZE"]
[SourceTitle "playchess.com"]
[Source "ChessBase"]
[SourceQuality "1"]
[TimeControl "1200+10"]

1. e4 c6 2. d4 d5 3. e5 c5 4. c3 Nc6 5. Be3 Nh6 6. dxc5 Nxe5 7. Bxh6 gxh6 8. Qd4 Ng6 9. Nf3 e5 10. Bb5+ Bd7 11. Nxe5 Bxb5 12. Nxg6 hxg6 13. Qxh8 Qe7+ 14. Kd2 Qe2+ 15. Kc1 O-O-O 16. Qd4 Re8 17. Rd1 h5 18. Nd2 Bh6 19. a4 Bd3 20. c6 Qxd2+ 21. Rxd2 Re1# 0-1

[Event "Czech Open Rapid G1 2024"]
[Site "Pardubice"]
[Date "2024.07.18"]
[Round "5.31"]
[White "Flasar, Jaroslav"]
[Black "Skoloud, Barnabas"]
[Result "1-0"]
[Annotator "RC"]
[ECO "C42"]
[WhiteElo "2012"]
[BlackElo "1914"]
[PlyCount "69"]
[EventDate "2024.07.16"]
[EventType "swiss"]
[EventCountry "CZE"]
[SourceTitle "playchess.com"]
[Source "ChessBase"]
[SourceQuality "1"]
[TimeControl "1200+10"]

1. e4 e5 2. Nf3 Nf6 3. Bc4 Nxe4 4. Nc3 Nd6 5. Bb3 Nc6 6. O-O Be7 7. Re1 e4 8. Nxe4 Nxe4 9. Rxe4 d5 10. Re1 Bg4 11. c3 Qd7 12. d4 O-O-O 13. Bc2 Bd6 14. Qd3 Rhe8 15. Bd2 h6 16. a4 Na5 17. b3 c5 18. dxc5 Bc7 19. Nd4 Nc6 20. h3 Bh5 21. Qb5 Bg6 22. Bxg6 fxg6 23. Qd3 Ne5 24. Qc2 Qf7 25. a5 Rf8 26. Be3 a6 27. b4 Nc4 28. b5 Rde8 29. c6 g5 30. cxb7+ Kxb7 31. bxa6+ Kxa6 32. Qa4 Nxe3 33. Qb5+ Ka7 34. Nc6+ Ka8 35. Qa6# 1-0

[Event "Czech Open Rapid G1 2024"]
[Site "Pardubice"]
[Date "2024.07.18"]
[Round "5.32"]
[White "Eropunov, Gleb"]
[Black "Park, Inchan"]
[Result "1-0"]
[Annotator "RC"]
[ECO "B03"]
[WhiteElo "2190"]
[BlackElo "1856"]
[PlyCount "75"]
[EventDate "2024.07.16"]
[EventType "swiss"]
[EventCountry "CZE"]
[SourceTitle "playchess.com"]
[Source "ChessBase"]
[SourceQuality "1"]
[TimeControl "1200+10"]

1. e4 Nf6 2. e5 Nd5 3. d4 d6 4. Bc4 Nb6 5. Bb3 g6 6. Qf3 e6 7. h4 dxe5 8. dxe5 Nc6 9. Qg3 Bg7 10. Nf3 Nd4 11. Bf4 Nf5 12. Qh2 Nd5 13. Bg5 Qd7 14. g4 Nfe7 15. Nbd2 h6 16. Bf4 b6 17. O-O-O Nxf4 18. Qxf4 Bb7 19. Ne4 Qc6 20. Nf6+ Bxf6 21. exf6 Nd5 22. Bxd5 exd5 23. Rhe1+ Kf8 24. Re7 Rh7 25. Rxc7 Qe6 26. Rxb7 Rc8 27. Nd4 Qe8 28. Qd6+ Kg8 29. Qd7 Qf8 30. Ne6 Qe8 31. Qxe8+ Rxe8 32. Re7 Rc8 33. Nf4 g5 34. Rde1 Rf8 35. Nxd5 gxh4 36. Re8 h5 37. Ne7+ Kh8 38. Rxf8# 1-0

[Event "Czech Open Rapid G1 2024"]
[Site "Pardubice"]
[Date "2024.07.18"]
[Round "5.35"]
[White "Lihotsky, Lukas"]
[Black "Jun, Rudolf"]
[Result "1-0"]
[Annotator "ChessBase"]
[ECO "B00"]
[WhiteElo "2129"]
[BlackElo "2232"]
[PlyCount "187"]
[EventDate "2024.07.16"]
[EventType "swiss"]
[EventCountry "CZE"]
[SourceTitle "playchess.com"]
[Source "ChessBase"]
[SourceQuality "1"]
[TimeControl "1200+10"]

1. d4 b6 2. e4 Bb7 3. Bd3 c5 4. d5 g6 5. c4 Bg7 6. Nc3 e5 7. h4 h5 8. Nf3 d6 9. Ng5 a6 10. Be2 Nf6 11. Be3 Nbd7 12. f3 Nh7 13. Nxh7 Rxh7 14. Qd2 f5 15. exf5 gxf5 16. Bg5 Nf6 17. Bd3 Qd7 18. Qc2 Bc8 19. O-O-O Rh8 20. Rhf1 Nh7 21. Bd2 Nf6 22. g4 hxg4 23. fxg4 f4 24. g5 Nh5 25. Bg6+ Kd8 26. Bxh5 Rxh5 27. Qg6 Rxh4 28. Rh1 Rxh1 29. Rxh1 Ra7 30. Ne4 Kc7 31. Rh7 Kb8 32. Nxd6 f3 33. Be3 e4 34. Rh4 Be5 35. Nxc8 Kxc8 36. Qxe4 Qg7 37. d6 Rf7 38. Qc6+ Kd8 39. Qxb6+ Kd7 40. Qb7+ Kxd6 41. Qd5+ Kc7 42. Qxc5+ Kd7 43. Qd5+ Kc7 44. Rh6 Rd7 45. Qc6+ Kb8 46. Qb6+ Kc8 47. Rc6+ Bc7 48. Qxa6+ Kd8 49. Re6 Rd3 50. Qa8+ Kd7 51. Qc6+ Kc8 52. Re8+ Rd8 53. Rxd8+ Kxd8 54. Qxf3 Kc8 55. Qf5+ Kb7 56. g6 Qh8 57. Qe4+ Kb8 58. Bf4 Qf6 59. Bxc7+ Kxc7 60. Qd3 Qf4+ 61. Kc2 Qf2+ 62. Kc3 Qf6+ 63. Kb3 Qb6+ 64. Kc3 Qf6+ 65. Qd4 Qf3+ 66. Kd2 Qg2+ 67. Ke3 Qg1+ 68. Ke4 Qxg6+ 69. Ke5 Qg7+ 70. Kd5 Qd7+ 71. Kc5 Qc6+ 72. Kb4 Qb7+ 73. Kc3 Qf3+ 74. Kc2 Qg2+ 75. Qd2 Qe4+ 76. Kc3 Qf3+ 77. Kc2 Qe4+ 78. Kc1 Qh1+ 79. Qd1 Qh6+ 80. Kb1 Qg6+ 81. Qc2 Qg1+ 82. Qc1 Qg6+ 83. Ka1 Kc6 84. a3 Kc5 85. Qc3 Kc6 86. Ka2 Qf5 87. Qd4 Kc7 88. Qd5 Qc2 89. c5 Kc8 90. c6 Kc7 91. Qd7+ Kb6 92. Qb7+ Kc5 93. c7 Qc4+ 94. Qb3 1-0

[Event "Czech Open Rapid G1 2024"]
[Site "Pardubice"]
[Date "2024.07.18"]
[Round "6.1"]
[White "Navara, David"]
[Black "Movsesian, Sergei"]
[Result "1/2-1/2"]
[Annotator "TA"]
[ECO "B22"]
[WhiteElo "2682"]
[BlackElo "2618"]
[PlyCount "41"]
[EventDate "2024.07.16"]
[EventType "swiss"]
[EventCountry "CZE"]
[SourceTitle "playchess.com"]
[Source "ChessBase"]
[SourceQuality "1"]
[TimeControl "1200+10"]

1. e4 c5 2. Nf3 e6 3. c3 Nf6 4. e5 Nd5 5. Bc4 d6 6. d4 cxd4 7. cxd4 Be7 8. O-O O-O 9. Qe2 a6 10. Re1 dxe5 11. dxe5 b5 12. Bxd5 Qxd5 13. Nc3 Qb7 (13... Qc6 $11) 14. Ne4 $14 Bd7 {[%emt 0:02:59] [#] Schwarz hat schwache schwarze Felder} ({Vorzuziehen ist} 14... Nd7 $14) 15. Bg5 $2 ({Weiss braucht} 15. Nfg5 $1 $18 Bc6 16. Nf6+ Bxf6 (16... gxf6 $2 {geht unter.} 17. exf6 Bxf6 18. Qh5 $18) 17. exf6) 15... Bc6 $11 {[%emt 0:00:09] Die Stellung ist ausgeglichen.} 16. Bxe7 Qxe7 17. Rac1 Bd5 18. Nc3 Bb7 19. Ne4 Bd5 20. Nc3 Bb7 21. Ne4 {[%emt 0:00:09] Gewichteter Fehlerwert: Weiß=0.24 (präzise) /Schwarz=0.14 (sehr präzise) .  Gewinn verpasst:   	Weiß=1     	---        Fehler:       	---       	Schwarz=2     OK:         	Weiß=7     	Schwarz=5     Bester:       	---       	Schwarz=1} 1/2-1/2

[Event "Czech Open Rapid G1 2024"]
[Site "Pardubice"]
[Date "2024.07.18"]
[Round "6.2"]
[White "Kuegel, Tobias"]
[Black "Nisipeanu, Liviu-Dieter"]
[Result "1/2-1/2"]
[Annotator "TA"]
[ECO "C69"]
[WhiteElo "2416"]
[BlackElo "2583"]
[PlyCount "48"]
[EventDate "2024.07.16"]
[EventType "swiss"]
[EventCountry "CZE"]
[SourceTitle "playchess.com"]
[Source "ChessBase"]
[SourceQuality "1"]
[TimeControl "1200+10"]

1. e4 e5 2. Nf3 Nc6 3. Bb5 a6 4. Bxc6 dxc6 5. O-O f6 6. d4 exd4 7. Nxd4 c5 8. Nb3 Qxd1 9. Rxd1 Bg4 10. f3 Bd7 11. Bf4 O-O-O 12. Nc3 Be6 (12... c4 {looks sharper.} 13. Na5 Bc5+ 14. Kf1 b5) 13. Rxd8+ Kxd8 14. Rd1+ Kc8 {[%emt 0:00:06] The position is equal.} 15. Nd5 Bxd5 16. Rxd5 b6 17. Rd1 Ne7 18. Nd2 Nc6 19. c3 {[%emt 0:01:09] Inhibits Nd4.} Bd6 20. Bxd6 cxd6 21. Nc4 Kc7 22. Kf2 (22. Nxd6 $2 {too greedy.} Rd8 $19) (22. Rxd6 $2 b5 23. Rxc6+ Kxc6 $19) 22... Rd8 23. Ne3 Ne7 24. h4 Rd7 {[%emt 0:00:10] Weighted Error Value: White=0.01 (flawless) /Black=0.02 (flawless) .  OK:         	White=9     	Black=5      Best:        	---       	Black=1} 1/2-1/2